Cogmind - Beta 14 @@@ ROGUE MODE // 2024.08.19 @ 18:04:48 Player: Xplodonator Result: Destroyed by H-61 Shepherd with Heavy Assault Cannon Performance ------------- Evolutions (2) 1000 Regions Visited (3) 600 Robots Destroyed (91) 455 Value Destroyed (2361) 2361 Prototype IDs (3) 60 Alien Tech Used (0) 0 Bonus (374) 374 TOTAL SCORE: 4850 Bonus ------- High Alert Combat Kills 374 Cogmind --------- Core Integrity 0/550 Matter 271/300 Energy 80/100 System Corruption 0% Temperature Cool (0) Movement Core (350) Ox6 Location -8/Materials Parts ------- > --- POWER (1) -------- (None) > --- PROPULSION (3) --- (None) > --- UTILITY (4) ------ Huge Storage Unit Advanced Weight Redist. System Visual Processing Unit > --- WEAPON (3) ------- (None) > --- INVENTORY (25) --- Nuclear Core Light Treads Light Treads Light Treads Light Treads Light Treads Light Treads Huge Storage Unit Huge Storage Unit High-capacity Matter Pod (200) Advanced Weight Redist. System Improved Signal Interpreter Terrain Scanner Terrain Scan Processor Light Armor Plating Hardened Medium Armor Plating Hardened Medium Armor Plating Improved Light Armor Plating Field Recycling Unit (0) Peak State ------------ > --- POWER ------------ Light Deuterium Engine > --- PROPULSION ------- Improved Treads Improved Treads Improved Treads > --- UTILITY ---------- Huge Storage Unit Advanced Weight Redist. System Visual Processing Unit Improved Targeting Computer > --- WEAPON ----------- High-powered Shotgun High-powered Shotgun High-powered Shotgun > --- INVENTORY -------- Light Treads Light Treads Light Treads Light Treads Light Treads Light Treads Light Treads Huge Storage Unit Huge Storage Unit High-capacity Matter Pod Advanced Weight Redist. System Improved Signal Interpreter Terrain Scanner Terrain Scan Processor Field Recycling Unit Heavy Assault Rifle Heavy Assault Rifle Minigun High-powered Shotgun [Rating: 29] Favorites ----------- Power Light Ion Engine Engine Light Ion Engine Propulsion Improved Treads Treads Improved Treads Leg Aluminum Leg Utility Huge Storage Unit Device Advanced Weight Redist. System Storage Huge Storage Unit Processor Visual Processing Unit Protection Light Armor Plating Weapon High-powered Shotgun Energy Gun Improved EM Shotgun Ballistic Gun High-powered Shotgun Build | -11 -10 -9 -8 ------- Run | Yrd Mat Mat Mat Slots Evolved 4 | . . 2 2 Power . | . . . . Propulsion 1 | . . 1 . Utility 2 | . . 1 1 Weapon 1 | . . . 1 Parts Attached 47 | 7 3 14 23 Power 5 | 1 . 2 2 Engine 5 | 1 . 2 2 Core . | . . . . Reactor . | . . . . Propulsion 19 | 2 2 7 8 Treads 14 | . 2 4 8 Leg 5 | 2 . 3 . Wheel . | . . . . Hover . | . . . . Flight . | . . . . Utility 8 | 2 1 2 3 Device 3 | 1 . . 2 Storage 2 | 1 1 . . Processor 2 | . . 1 1 Hackware . | . . . . Protection 1 | . . 1 . Artifact . | . . . . Weapon 15 | 2 . 3 10 Energy Gun 1 | . . 1 . Energy Cannon . | . . . . Ballistic Gun 14 | 2 . 2 10 Ballistic Cannon . | . . . . Launcher . | . . . . Special Weapon . | . . . . Impact Weapon . | . . . . Slashing Weapon . | . . . . Piercing Weapon . | . . . . Special Melee Weapon . | . . . . Unidentified Prototypes 1 | . . 1 . Parts Lost 29 | . . 9 20 Power 5 | . . 2 3 Propulsion 10 | . . 3 7 Utility 3 | . . 1 2 Weapon 11 | . . 3 8 Highest Loss Streak 9 | . . 7 9 To Critical Strikes . | . . . . Average Slot Usage (%) 94 | . 100 82 96 Engine 8 | . 14 2 8 Treads 25 | . 25 22 26 Leg 2 | . 2 7 . Device 9 | . 14 2 10 Storage 10 | . 14 11 9 Processor 9 | . . 11 12 Protection 2 | . . 4 2 Ballistic Gun 25 | . 28 17 26 Peak Build Rating 29 | 7 8 12 29 Average Rating 17 | 5 7 9 24 On Entrance 6 | . 7 8 12 Naked Turns . | . . . . Heaviest Build 95 | 11 86 91 95 Greatest Support 78 | 20 40 60 78 Greatest Overweight (x) 28 | 1 2 28 1 Average Overweight (x) 1 | . 1 1 1 Largest Inventory Capacity 25 | 8 25 25 25 Average Capacity 24 | 7 23 25 25 Most Carried 21 | 4 10 13 21 Average Carried 12 | 2 7 8 16 Final Capacity 25 | 8 25 25 25 Final Carried 19 | 3 10 11 19 Class Distribution -------------------- 38% | Mutant 16% | Gunner 14% | Skirmisher 11% | Tank 9% | Scavenger-Mutant 7% | Scavenger-Gunner Dominant Class ---------------- Mutant | -10/Materials Mutant | -9/Materials Gunner | -8/Materials Resources | -11 -10 -9 -8 ----------- Run | Yrd Mat Mat Mat Matter Collected 2340 | 288 209 418 1425 Remotely . | . . . . Salvage Created 2765 | 78 173 856 1658 Parts 184 | 11 17 50 106 Haulers Intercepted 6 | . . 2 4 Recyclers Shooed 7 | . 1 4 2 Parts Field Recycled . | . . . . Retrieved Matter . | . . . . Parts Self-Destructed . | . . . . Prevented . | . . . . Kills | -11 -10 -9 -8 ------- Run | Yrd Mat Mat Mat Combat Hostiles Destroyed 61 | . 5 15 41 Guns 61 | . 5 15 41 Classes Destroyed 11 | 1 3 3 4 Worker 7 | . . . 7 Builder 2 | . . . 2 Tunneler 4 | 4 . . . Hauler 6 | . . 2 4 Recycler 4 | . . 3 1 Watcher 8 | . 2 3 3 Swarmer 20 | . 3 7 10 Grunt 29 | . 2 5 22 Sentry 8 | . . 3 5 Specialist 2 | . . . 2 Hunter 2 | . . . 2 Best Kill Streak 6 | 3 3 6 5 Combat Bots Only 4 | . 2 4 4 Max Kills in Single Turn 2 | 1 1 1 2 Gunslinging 1 | . . . 1 Exploded . | . . . . Melee . | . . . . Uniques/NPCs Destroyed . | . . . . Combat | -11 -10 -9 -8 -------- Run | Yrd Mat Mat Mat Hostile Shots Fired 442 | . 48 164 230 Missed 129 | . 16 41 72 Damage Taken 4316 | . 279 1279 2758 Core 864 | . 50 252 562 Absorbed by Shields . | . . . . Core Remaining (%) 72 | 100 80 37 . Volleys Fired 219 | 9 26 65 119 Largest 3 | 2 2 2 3 Hottest 75 | 40 40 65 75 Shots Fired 538 | 18 52 128 340 Gun 538 | 18 52 128 340 Cannon . | . . . . Launcher . | . . . . Special . | . . . . Kinetic 520 | 18 52 110 340 Thermal . | . . . . Explosive . | . . . . Electromagnetic 18 | . . 18 . Robot Hit Streak 19 | 5 8 9 19 Robot Miss Streak 18 | 2 3 4 18 Penetration Max . | . . . . Secondary Targets 9 | . . 2 7 Max Gunslinging Chain 1 | . . 1 1 Shots Hit Robots 350 | 12 32 79 227 Core Hits 174 | 6 13 41 114 Critical Kills 2 | . 1 1 . Critical Parts Destroyed 4 | . . 1 3 Critical Strikes 6 | . 1 2 3 Destroy 6 | . 1 2 3 Melee Attacks . | . . . . Impact . | . . . . Slashing . | . . . . Piercing . | . . . . Sneak Attacks . | . . . . Combat Hostiles . | . . . . Follow-up Attacks . | . . . . Damage Inflicted 5983 | 107 282 1111 4483 Guns 5686 | 107 282 1032 4265 Cannons . | . . . . Explosions 297 | . . 79 218 Melee . | . . . . Ramming . | . . . . Kinetic 5412 | 107 282 758 4265 Thermal 277 | . . 79 198 Explosive 20 | . . . 20 Electromagnetic 274 | . . 274 . Impact . | . . . . Slashing . | . . . . Piercing . | . . . . Highest Corruption . | . . . . Average Corruption . | . . . . Corruption Purged . | . . . . Corruption Blocked . | . . . . Overload Shots . | . . . . Overflow Damage 78 | . . . 78 Projectiles . | . . . . Explosions 78 | . . . 78 Melee . | . . . . Knockbacks . | . . . . Impact . | . . . . Kinetic . | . . . . Secondary . | . . . . Self-Inflicted Damage 262 | . . 39 223 Shots 4 | . . 1 3 Rammed . | . . . . Targets Rammed . | . . . . Kicked . | . . . . Crushed . | . . . . Highest Temperature 84 | . 6 14 84 Average Temperature 19 | . 6 4 20 Received Heat Transfer 1101 | . 42 267 792 Siege Activations . | . . . . Robots Corrupted . | . . . . Combat Hostiles . | . . . . Parts Fried . | . . . . Impact Corruptions . | . . . . Robots Melted . | . . . . Combat Hostiles . | . . . . Parts Melted . | . . . . Heat Transferred 200 | . . 100 100 Parts Sabotaged . | . . . . Parts Stolen . | . . . . Parts Stripped . | . . . . Power Chain Reactions 1 | . . 1 . Alert | -11 -10 -9 -8 ------- Run | Yrd Mat Mat Mat Peak Influence 865 | 20 214 254 865 Initial 103 | . 13 26 103 Average 313 | 8 68 156 496 Maximum Alert Level 3 | . 1 1 3 Low Security (%) 43 | 100 94 70 8 Level 1 20 | . 5 29 25 Level 2 22 | . . . 40 Level 3 13 | . . . 25 Level 4 . | . . . . Level 5 . | . . . . High Security . | . . . . Max Security . | . . . . Squads Dispatched 9 | . . . 9 Investigation 2 | . . . 2 Extermination . | . . . . Reinforcement 6 | . . . 6 Assault 1 | . . . 1 Garrison . | . . . . Intercept . | . . . . Searches Triggered . | . . . . Construction Impeded . | . . . . Haulers Reinforced . | . . . . Active Scanning Responses . | . . . . Cargo Convoy Interrupts . | . . . . Stealth | -11 -10 -9 -8 --------- Run | Yrd Mat Mat Mat Distress Signals 5 | . . 3 2 Communications Jammed . | . . . . Distress Signals . | . . . . Times Spotted 98 | . 17 25 56 Peak Tracking Total 8 | . 4 8 5 Tactical Retreats 7 | . 3 3 1 Traps | -11 -10 -9 -8 ------- Run | Yrd Mat Mat Mat Traps Triggered 2 | . . . 2 Indirectly . | . . . . Trap Hack Attempts . | . . . . Triggered . | . . . . Disarmed . | . . . . Reprogrammed . | . . . . Reused . | . . . . Traps Extracted . | . . . . Installed . | . . . . Triggered . | . . . . Machines | -11 -10 -9 -8 ---------- Run | Yrd Mat Mat Mat Machines Disabled 10 | . . 2 8 Max in Single Turn 5 | . . 1 5 Machines Repaired . | . . . . Machines Dismantled . | . . . . Machines Sabotaged . | . . . . Overloaded Fab Kills . | . . . . Hacking | -11 -10 -9 -8 --------- Run | Yrd Mat Mat Mat Machines Accessed 7 | . 2 1 4 Terminals 4 | . 1 . 3 Fabricators . | . . . . Repair Stations . | . . . . Recycling Units 3 | . 1 1 1 Scanalyzers . | . . . . Garrison Access . | . . . . Total Hacks 19 | . 6 1 12 Successful 12 | . 2 1 9 Failed 7 | . 4 . 3 Catastrophic 1 | . 1 . . Database Lockouts . | . . . . Manual 1 | . . . 1 Terminals 15 | . 5 . 10 Fabricators . | . . . . Repair Stations . | . . . . Recycling Units 4 | . 1 1 2 Scanalyzers . | . . . . Garrison Access . | . . . . Terminal Hacks 8 | . 1 . 7 Record 5 | . 1 . 4 Robot Analysis 1 | . . . 1 Prototype ID Bank 1 | . . . 1 Zone Layout 1 | . . . 1 Fabricator Hacks . | . . . . Repair Station Hacks . | . . . . Recycling Unit Hacks 4 | . 1 1 2 Report Inventory 3 | . 1 1 1 Retrieve Components 1 | . . . 1 Scanalyzer . | . . . . Garrison Access Hacks . | . . . . Unauthorized Hacks . | . . . . Terminals . | . . . . Fabricators . | . . . . Repair Stations . | . . . . Recycling Units . | . . . . Scanalyzers . | . . . . Garrison Access . | . . . . Data Cores Recovered . | . . . . Used . | . . . . Hacking Detections 5 | . 1 1 3 Full Trace Events 1 | . . . 1 Feedback Events . | . . . . Feedback Blocked . | . . . . Robot Schematics Acquired . | . . . . Robots Built . | . . . . Authchips . | . . . . Time . | . . . . Total Robot Build Rating . | . . . . Part Schematics Acquired . | . . . . Parts Built . | . . . . Authchips . | . . . . Time . | . . . . Total Part Build Rating . | . . . . Parts Repaired . | . . . . Time . | . . . . Parts Recycled . | . . . . Recycled Matter . | . . . . Retrieved Matter . | . . . . Retrieved Components 9 | . . . 9 Parts Scanalyzed . | . . . . Part Schematics Acquired . | . . . . Parts Damaged . | . . . . Bothacking | -11 -10 -9 -8 ------------ Run | Yrd Mat Mat Mat Used RIF Installer . | . . . . Robots Hacked . | . . . . Non-combat . | . . . . Combat . | . . . . Robot Hacks Applied . | . . . . Relay Couplers Released . | . . . . Fabnet Peak Effective % . | . . . . Robots Rewired . | . . . . Allies Hacked . | . . . . Hacks Repelled . | . . . . Allies | -11 -10 -9 -8 -------- Run | Yrd Mat Mat Mat Total Allies . | . . . . Largest Group . | . . . . Highest-Rated Group . | . . . . Highest-Rated Ally . | . . . . Total Orders . | . . . . Ally Attacks . | . . . . Total Damage . | . . . . Kills . | . . . . Allies Corrupted . | . . . . Allies Melted . | . . . . Intel | -11 -10 -9 -8 ------- Run | Yrd Mat Mat Mat Robot Analysis Total 1 | . . . 1 Derelict Logs Recovered . | . . . . Drone Launches . | . . . . Drone Recoveries . | . . . . Exploration | -11 -10 -9 -8 ------------- Run | Yrd Mat Mat Mat Turns Passed 3682 | 139 861 702 1980 Spaces Moved 1087 | 85 269 180 553 Core 14 | 12 . 2 . Treads 904 | . 213 138 553 Legs 169 | 73 56 40 . Wheels . | . . . . Hover . | . . . . Flight . | . . . . Fastest Speed 50 | 50 120 240 240 Average Speed 243 | 114 278 264 240 Slowest Speed 1450 | 120 320 1450 240 Overloaded Moves . | . . . . Propulsion Burnouts . | . . . . Robots Hopped . | . . . . Cave-ins Triggered . | . . . . Exploration Rate (%) 28 | 4 45 15 50 Regions Visited 3 Branch Regions . Pre-discovered Areas . | . . . . Known Exits Taken . | . . . . Unknown Exits Taken 3 | 1 1 1 . Scrap Searched . | . . . . Spaces Dug . | . . . . Terrain Destroyed 60 | . . 3 57 Melee . | . . . . Projectile . | . . . . AOE 60 | . . 3 57 Terrain Rammed . | . . . . Walls Destroyed . | . . . . Machines Disabled . | . . . . Actions | -11 -10 -9 -8 --------- Run | Yrd Mat Mat Mat Total 1703 | 112 343 288 960 Wait 270 | . 35 15 220 Move 1084 | 84 268 179 553 Hop . | . . . . Pick Up 61 | 11 8 12 30 Fast Attach . | . . . . Attach 47 | 7 3 14 23 Detach 13 | . 2 3 8 Swap . | . . . . Drop 9 | 1 1 . 7 Fire 219 | 9 26 65 119 Melee . | . . . . Ram . | . . . . Kick . | . . . . Crush . | . . . . Escape Stasis . | . . . . Rewire . | . . . . Trap . | . . . . Miscellaneous . | . . . . Route ------- -11/Scrapyard -10/Materials -9/Materials -8/Materials History --------- Turn | Location | Event 6 | -11/Scrapyard | Discovered new exit (range 16) 140 | -11/Scrapyard | Entered Materials 312 | -10/Materials | Build established: Mutant 859 | -10/Materials | Discovered new exit (range 5) 1001 | -10/Materials | Entered another Materials area 1001 | -9/Materials | Evolved 2 slots: Propulsion x1, Utility x1 1190 | -9/Materials | Lost 7 parts (1p3n1u2w) 1349 | -9/Materials | Core integrity fell below 50% 1578 | -9/Materials | Discovered new exit (range 17) 1663 | -9/Materials | Build established: Scavenger-Mutant 1703 | -9/Materials | Entered another Materials area 1703 | -8/Materials | Evolved 2 slots: Utility x1, Weapon x1 2095 | -8/Materials | Build established: Tank 2533 | -8/Materials | Build established: Skirmisher 2804 | -8/Materials | Lost 3 parts (1p1n1w) 3092 | -8/Materials | Build established: Gunner 3225 | -8/Materials | Lost 3 parts (3w) 3303 | -8/Materials | First assault squad dispatched 3352 | -8/Materials | Core integrity fell below 50% 3675 | -8/Materials | Core integrity fell below 20% 3683 | -8/Materials | Destroyed by H-61 Shepherd with Heavy Assault Cannon Last Messages --------------- 03656_ Slug penetrates Wall. 03657_ K-01 Serf cleans the Electrolysis Chamber. 03658_ Slug penetrates Wall. 03659_ Critical hit (Burn: +37). 03666_ Slug penetrates Wall. 03669_ Lgt. Treads destroyed. 03670_ Lgt. Deuterium Engine destroyed. 03672_ Lgt. Treads destroyed. 03672_ Critical hit (Burn: +37). 03674_ Penetrated by Slug. 03674_ Hvy. Assault Rifle blasted off. 03675_ Slug penetrates H-61 Shepherd. 03678_ Penetrated by Slug. 03678_ Imp. Targeting Computer destroyed. 03679_ Penetrated by Slug. 03679_ Knocked back. 03681_ Slug penetrates Wall. 03681_ Penetrated by Slug. 03683_ Hvy. Assault Rifle destroyed. Map ----- +----------------------------------------------------+ | # """ !#??????????????????? | | ########### """ #??????????????????? | | ??????????# """ #??????????????????? | | ??????????# #??????????????????? | | ??????????##########??????????????????? | | ??????????????????????????????????????? | | ????????????????????????? ???????????? | | ????????????????????????? !???????#???? | | ????????????????????????? ?????? #???? | | ########???????????????"" ?????? ????? | | # #???????????????"" ????? #????? | | *# ! ###?????????????"" ???? #????? | | [# !! # ############ #?? #????? | | #! !! # # #?? #????? | | +# # " ### ###??? | | + [ !#! ####x### #??? | | # #! # #??? | | #######=!* # #??? | | !=[%+ * + #??? | | ######## ; #??? | | ??????##* # #??? | | ??????## = # H;; ??????? | | ??????## = ; ;#? ???????? | | ??????## # % ;#??????????? | | ??????## # % [;#??????????? | | ??????############### @;#??????????? | | ???????## # % ##??????????? | | ????????# " # #???????????? | | ????????# """" # #???????????? | | ????????# """"" # ! #???????????? | | ????????# """"" #]]= #???????????? | | ????????# """ =#=%] #???????????? | | ????????# = +*]] #???????????? | | ????????# """ % # ##########??? | | ????????# """"" + #??? | | ????????# """"" # ###;######## #??? | | ????????# """"" # #??#?####### #??? | | ????????# """ # #????# # #??? | | ????????# #!######""" # #??? | | ????????#############[# #""" # #??? | | ?????????????# ! * +%# #""" + #??? | | ?????????????# =!#%# # # #??? | | ?????????????# "*# # #+##### #??? | | ?????????????# / T # + / #??? | | ?????????????# " ### #########??? | | ?????????????# #?# #??????????? | | ?????????????########?# #??????????? | | ??????????????????????# #??????????? | | ??????????????????????######??????????? | | ??????????????????????????????????????? | +----------------------------------------------------+ Best States ------------- Heat Dissipation 31 Energy Generation 14 Energy Capacity 250 Matter Stores 300 Matter Capacity 300 Sight Range 18 Terrain Scan Range 14 Terrain Scan Density 10 Additional Mass Support 9 Armor Coverage 150 Evasion (%) 55 Targeting Accuracy 6 Recoil Reduction 3 Item Schematics ----------------- None Robot Schematics ------------------ None Fabricated ------------ Nothing Alien Tech Used ----------------- None Achievements -------------- None Challenges ------------ None Game ------ Seed RemoteSubdwellerBay Manual? 0 Play Time 00:38:37 Cumulative 21.2 hours Start 2024.08.19 @ 17:23:09 End 2024.08.19 @ 18:04:48 Sessions 1 Manual Loads 0 Difficulty Rogue Special Mode None Game No. 27 Rogue 27 Adventurer 0 Explorer 0 Win Type - Total 0 Types 0/0/0/0/0/0/0/0/0 Lore% 10 Gallery% 17 Achievement% 16 Wizard Run 0 Options --------- Layout 1 ASCII 0 Keyboard 0 Movement Mouse Keybinds 0 Fullscreen 2 Font 24/Smallcaps Map View 50x35 Zoom Use 0% Tactical HUD 1 Map Filters NONE Filters NONE Steam 1 RUN: 15415d79-f548-4d11-a13f-3f9d376b480a